Description

Mech build

Replay - 2020-06-28 - (T)liquidthermy VS (T)HeroMarine

Build Order

Get SALT Encoding   

  12  0:01  SCV  
  13  0:13  SCV  
  14  0:17  Supply Depot  
  14  0:25  SCV  
  14  0:27  Refinery  
  15  0:39  SCV  
  16  0:44  Barracks  
  16  0:51  SCV  
  16  0:54  Refinery  
  17  1:03  SCV  
  18  1:15  SCV  
  19  1:31  Reaper, Orbital Command  
  20  1:33  Factory  
  20  1:42  Supply Depot  
  20  1:57  SCV  
  21  2:03  Reaper  
  22  2:09  SCV  
  23  2:17  Hellion  
  23  2:21  SCV  
  26  2:25  Command Center  
  26  2:35  Reaper  
  28  2:38  Hellion  
  28  2:41  Supply Depot  
  31  2:52  Starport  
  31  3:03  Factory Tech Lab  
  32  3:07  Barracks Tech Lab  
  33  3:22  Cyclone  
  37  3:27  Refinery  
  37  3:40  Raven  
  39  3:41  Orbital Command  
  40  3:56  Cyclone  
  43  4:07  Command Center  
  45  4:16  Refinery  
  46  4:23  Raven  
  49  4:26  Supply Depot  
  50  4:35  Siege Tank  
  54  4:42  Supply Depot  
  56  5:05  Raven  
  56  5:06  Engineering Bay  
  60  5:07  Siege Tank  
  65  5:14  Barracks Reactor  
  67  5:37  Missile Turret x2  
  67  5:39  Refinery x2  
  67  5:42  Siege Tank  
  72  5:43  Missile Turret  
  74  5:53  Orbital Command  
  74  5:58  Viking x2  
  80  6:13  Factory x2  
  80  6:14  Siege Tank  
  84  6:18  Barracks Reactor  
  89  6:34  Viking x2  
  96  6:49  Siege Tank  
  100  6:55  Armory x2  
  102  7:04  Viking x2  
  109  7:16  Siege Tank  
  109  7:18  Hellion x2  
  119  7:31  Siege Tank  
  119  7:36  Viking x2  
  124  7:42  Hellion x2  
  130  7:46  Terran Vehicle Weapons Level 1, Terran Vehicle And Ship Armor Level 1  
  130  7:55  Siege Tank, Factory x2  
  131  8:04  Hellion x2  
  131  8:05  Command Center  
  133  8:08  Viking x2  
  137  8:16  Siege Tank  
  140  8:26  Sensor Tower  
  139  8:30  Siege Tank  
  142  8:36  Infernal Pre-Igniter  
  142  8:39  Factory Tech Lab  
  142  8:40  Factory Reactor  
  144  8:53  Hellion  
  151  9:00  Smart Servos  
  156  9:19  Hellion, Command Center  
  172  9:41  Thor  
  179  9:53  Thor  
  179  9:54  Refinery x2  
  179  9:56  Missile Turret, Medivac x2  
Spawning Tool Build Advisor. Get it on Overwolf

Go to:

Details

  • Created by: talisman_tv
  • Published on: Jul 15, 2021
  • Modified on: Jul 15, 2021
  • Patch: 4.11.0
  • Difficulty: Medium
Show
View Real Time Build Order
Export as new Build Order

Comments (0)

There are no comments. Be the first!

Create an account to comment!